 Dungeon Crawl Stone Soup version 0.19.1-1-g22dce08 (webtiles) character file.

70 Colliwobble the Poker (level 4, -1/35 HPs)
             Began as a Demonspawn Abyssal Knight on Jan 4, 2017.
             Was a Believer of Lugonu.
             Killed by a spatial distortion (3 damage)
             ... on level 4 of the Dungeon.
             The game lasted 00:05:10 (3568 turns).

Colliwobble the Poker (Demonspawn Abyssal Knight)   Turns: 3568, Time: 00:05:11

Health: -1/35      AC:  8    Str: 14    XL:     4   Next: 3%
Magic:  6/6        EV: 10    Int: 13    God:    Lugonu [**....]
Gold:   168        SH:  0    Dex: 12    Spells: 0 memorised, 3 levels left

rFire  . . .     SeeInvis .     a - +0 glaive
rCold  . . .     Gourm    .     A - +3 ring mail
rNeg   . . .     Faith    .     (shield currently unavailable)
rPois  .         Spirit   .     (no helmet)
rElec  .         Reflect  .     (no cloak)
rCorr  .         Harm     .     (no gloves)
MR     .....                    (no boots)
Stlth  ++........               (no amulet)
                                u - ring of stealth
                                y - ring of wizardry

@: no status effects
A: claws 1
a: Depart the Abyss, Bend Space, Renounce Religion


You were on level 4 of the Dungeon.
You worshipped Lugonu.
Lugonu was pleased with you.
You were hungry.

You visited 1 branch of the dungeon, and saw 4 of its levels.
You visited the Abyss 1 time.

You collected 168 gold pieces.

Inventory:

Hand Weapons
 a - a +0 glaive (weapon)
 q - a +1 spear
Armour
 A - a +3 ring mail (worn)
Jewellery
 u - a ring of stealth (right claw)
 y - a ring of wizardry (left claw)
Wands
 x - a wand of flame (17/48)
Scrolls
 e - 2 scrolls of noise {unknown}
 h - 2 scrolls of recharging {unknown}
 l - 3 scrolls of identify {unknown}
 n - 2 scrolls of fear {unknown}
 o - a scroll of amnesia {unknown}
 r - a scroll of remove curse {unknown}
 s - a scroll of teleportation {unknown}
 t - a scroll of magic mapping {unknown}
 z - a scroll of enchant armour {unknown}
Potions
 f - a potion of magic {unknown}
 g - 2 potions of curing {unknown}
 i - 3 potions of lignification {unknown}
 j - a potion of brilliance {unknown}
 m - a potion of cancellation {unknown}
 v - a potion of might {unknown}
 w - a potion of cure mutation {unknown}
Comestibles
 c - a bread ration
 d - a meat ration
 k - 11 fruits
 p - a slice of pizza


   Skills:
 - Level 3.0 Fighting
 * Level 3.5 Polearms
 - Level 1.7 Armour
 - Level 0.8 Dodging
 + Level 3.4 Invocations


You had 3 spell levels left.
You didn't know any spells.

Dungeon Overview and Level Annotations

Branches:
Dungeon (4/15)
 Temple: D:4-7

Altars:
Ashenzari

Annotations:
D:3 Sigmund; rozman's ghost, amateur MiWr
D:4 Blork the orc


Innate Abilities, Weirdness & Mutations

You have sharp fingernails.


Message History

The orc wizard barely misses you. Blork the orc barely misses you.
The orc hits you with a short sword.
You hit the orc wizard.
The orc wizard is moderately wounded.
The orc wizard misses you. The orc hits you but does no damage.
Blork the orc hits you from afar with a glaive!
The orc wizard gestures at you while chanting.
The magic dart hits you!
* * * LOW HITPOINT WARNING * * *
An ogre comes into view. It is wielding a giant club.
The orc hits you with a short sword.
* * * LOW HITPOINT WARNING * * *
Blork the orc mumbles some strange words.
Blork the orc seems to speed up.
The ogre shouts!
A phantom comes into view.
Okay, then.
Okay, then.
Space bends around you!
You blink.
You die...

#...(.# #.#
#.....###.#
##+#+###..##.#
...# #..##.#
..... #...#
##...####..#
......o#...#
.....o.#...#
#O@#############
#.ooo.o.ยง.......
#.##############
.... ###.# ..#
... #.## #.


You could see Blork the orc, an ogre, an orc wizard and 3 orcs.

Vanquished Creatures
  An ooze (D:2)
  3 dart slugs
  2 leopard geckos (D:1)
  3 orcs
  4 bats
  4 giant cockroaches
  3 goblins
  6 hobgoblins
  5 jackals (D:1)
  5 kobolds
  4 ball pythons
  5 frilled lizards
  4 rats
49 creatures vanquished.

Notes
Turn   | Place    | Note
-------+----------+-------------------------------------------
     0 | Abyss:1  | Colliwobble the Demonspawn Abyssal Knight began the quest for the Orb.
     0 | Abyss:1  | Reached XP level 1. HP: 18/18 MP: 2/2
    21 | D:1      | Escaped the Abyss
    28 | D:1      | Noticed a polar bear
    28 | D:1      | Noticed a wyvern
    29 | D:1      | Noticed a hound
    29 | D:1      | Noticed a salamander
   232 | D:1      | Gained mutation: You have sharp fingernails. [demonic ancestry]
   232 | D:1      | Reached XP level 2. HP: 19/24 MP: 4/4
   606 | D:1      | Reached ** piety under Lugonu
   730 | D:1      | Reached XP level 3. HP: 18/29 MP: 5/5
  1454 | D:2      | Found a shattered altar of Ashenzari.
  2729 | D:3      | Noticed Sigmund
  2989 | D:3      | Noticed rozman's ghost (amateur MiWr)
  2993 | D:2      | Reached XP level 4. HP: 12/35 MP: 6/6
  3456 | D:3      | Found a faded altar of an unknown god.
  3557 | D:4      | Noticed Blork the orc
  3561 | D:4      | Noticed an ogre
  3563 | D:4      | Noticed a phantom
  3568 | D:4      | Killed by a spatial distortion

Skill      XL: |  1  2  3 |
---------------+----------+-----
Polearms       | 2 3 |  3.5
Invocations    | 3 |  3.4
Fighting       | |  3.0
Armour         | |  1.7
Dodging        | |  0.8

Action                   |  1- 3 |  4- 6 || total
-------------------------+-------+-------++-------
Melee: Spear             |   129 |       ||   129
       Glaive            |    49 |     7 ||    56
  Eat: Chunk             |     6 |       ||     6
       Fruit             |       |     2 ||     2
Armor: Leather armour    |    47 |       ||    47
       Ring mail         |       |     4 ||     4
Dodge: Dodged            |   116 |     4 ||   120
